 Dungeon Crawl Stone Soup version 0.27.1-3-gb3d3a73c9e (console) character file.

Game seed: 13899894852033649642

46 thromnambular the Magician (level 3, 2/27 HPs)
             Began as a Djinni Hedge Wizard on Oct 15, 2021.
             Quit the game on level 4 of the Dungeon.
             The game lasted 00:03:54 (2092 turns).

thromnambular the Magician (Djinni Hedge Wizard)    Turns: 2092, Time: 00:03:55

Health: 2/27       AC:  2    Str:  9    XL:     3   Next: 95%
Gold:   80         EV: 12    Int: 16    God:
                   SH:  0    Dex: 12

rFire    + + .     SeeInvis .   f - +0 spear
rCold    x . .     Faith    .   (no shield)
rNeg     . . .     Spirit   .   b - +0 robe
rPois    ∞         Reflect  .   c - +0 hat
rElec    .         Harm     .   (no cloak)
rCorr    .         Rampage  .   (no gloves)
Will     .....                  (boots unavailable)
Stlth    ++........             (no amulet)
HPRegen  0.09/turn              (no ring)
MPRegen  0.00/turn              (no ring)

@: flying
A: sickness immunity, fire resistance 2, cold vulnerability 1, float, innate
caster, hp casting, extra vitality 1
a: no special abilities


You were on level 4 of the Dungeon.
You visited 1 branch of the dungeon, and saw 3 of its levels.

You collected 80 gold pieces.

Inventory:

Hand Weapons
 f - a +0 spear (weapon)
Missiles
 d - 14 poisoned darts
Armour
 b - a +0 robe (worn)
 c - a +0 hat (worn)
Scrolls
 e - a scroll of identify
 g - a scroll of silence {unknown}
 h - a scroll of blinking {unknown}
Potions
 a - a potion of brilliance


   Skills:
 * Level 1.1 Fighting
 + Level 2.4 Dodging
 - Level 1.5 Stealth
 * Level 3.3 Spellcasting


You couldn't memorise any spells.
You knew the following spells:

 Your Spells              Type           Power      Damage    Failure   Level
a - Magic Dart            Conj           52%        1d5       4%          1
b - Blink                 Tloc           N/A        N/A       7%          2
c - Call Imp              Summ           13%        N/A       7%          2
d - Slow                  Hex            13%        N/A       7%          2
e - Conjure Flame         Conj/Fire      13%        6-21      14%         3
f - Mephitic Cloud        Conj/Pois/Air  13%        N/A       14%         3
g - Summon Small Mammal   Summ           52%        N/A       4%          1
Your spell library was empty.

Dungeon Overview and Level Annotations

Branches:
Dungeon (2/15)

Altars:


Innate Abilities, Weirdness & Mutations

You are immune to sickness and miasma.
You are immune to poison.
Your flesh is very heat resistant. (rF++)
You are vulnerable to cold. (rC-)
You float through the air rather than walking.
You learn spells naturally, not from books.
Your magical power is your life essence.
You have superior vitality. (+4 HP)


Message History

The black bear bites you. The black bear claws you.
The black bear barely misses you.
As you read the scroll labelled NUSUIN KEGOCVIUDU, it crumbles to dust.
It is a scroll of identify.
a - a potion of brilliance The black bear closely misses you.
The black bear claws you.
* * * LOW HITPOINT WARNING * * *
The black bear claws you.
* * * LOW HITPOINT WARNING * * *
Your magical contamination has completely faded away.
An adder comes into view.
A jackal comes into view.
You see here 11 gold pieces.
Okay, then.
Okay, then.
As you read the scroll labelled ATENIE KUSSIA, it crumbles to dust.
You feel strangely unstable.
It was a scroll of teleportation.
The black bear barely misses you. x2; The black bear claws you.
* * * LOW HITPOINT WARNING * * *
Your surroundings suddenly seem different.
An endoplasm comes into view.
The endoplasm quivers.
Found 11 gold pieces.
A hound comes into view.
The hound moves out of view.
Found 10 stones and 8 gold pieces.
The endoplasm jiggles.
The hound bites you.
* * * LOW HITPOINT WARNING * * *
The hound closely misses you.
You see here 11 gold pieces.
The hound closely misses you. The hound bites you.
* * * LOW HITPOINT WARNING * * *
You see here 10 stones.
The hound bites you but does no damage.
A dart slug comes into view.
Casting: Mephitic Cloud (quite dangerous; 14% risk of failure)
Confirm with . or Enter, or press ? or * to list all spells.
Okay, then.
Are you sure you want to abandon this character and quit the game? (Confirm with "yes".)

. #... #. #.## #.#+##.#
#......# ###...†..#
........$# ####.....#
#################.....##
.w.....@h(........>.....
.....####..$.......#####
### #..........#
#..........#
#......##### #......#
#......# #$.....# ######
#......# #.....


You could see a hound and a dart slug.

Vanquished Creatures
  An adder (D:4)
  A bat (D:2)
  2 endoplasms (D:1)
  5 giant cockroaches (D:1)
  6 goblins
  2 hobgoblins
  3 kobolds (D:1)
  3 ball pythons (D:1)
  A frilled lizard (D:2)
  6 rats (D:1)
30 creatures vanquished.

Vanquished Creatures (collateral kills)
  An adder (D:2)
  A goblin (D:2)
2 creatures vanquished.

Grand Total: 32 creatures vanquished

Notes
Turn   | Place    | Note
-------+----------+-------------------------------------------
     0 | D:1      | thromnambular the Djinni Hedge Wizard began the quest for
                  | the Orb.
     0 | D:1      | Reached XP level 1. HP: 15/15 MP: 0/0
   660 | D:1      | Reached XP level 2. HP: 19/21 MP: 0/0
   975 | D:1      | Reached skill level 3 in Spellcasting
   989 | D:1      | Reached XP level 3. HP: 12/25 MP: 0/0
   989 | D:1      | Learned a level 1 spell: Summon Small Mammal
  1919 | D:2      | You are sucked into a shaft and drop 2 floors!
  1966 | D:4      | Reached skill level 1 in Fighting
  2033 | D:4      | Noticed a black bear
  2089 | D:4      | HP: 1/27 [hound (3)]
  2092 | D:4      | Quit the game

Illustrated notes

Levels and vault maps discovered:
D:1:      dpeg_arrival_prison, layout_rooms
D:2:      layout_basic, minmay_box_of_dots
D:4:      cheibrodos_greedy_goblins, layout_basic, uniq_grinder

Skill      XL: |  1  2  3 |
---------------+----------+-----
Spellcasting   | 3 |  3.3
Fighting       | 1 |  1.1
Dodging        | |  2.4
Stealth        | |  1.5

Action                   || total
-------------------------++-------
Melee: Club              ||     6
       Spear             ||    13
Throw: Dart              ||     3
 Cast: Magic Dart        ||    78
       Mephitic Cloud    ||     2
       Call Imp          ||     2
  Use: Scroll            ||     2
Armor: Robe              ||     6
Dodge: Dodged            ||    37
